Map: 2000 Atmospheres LE

Players

HeroMarine - Winner!

  • Race: Terran Terran

SKillous

  • Race: Protoss Protoss

Event: DreamHack SC2 Masters 2021 Winter

VOD

Have the link to the VOD?

Description

Time

  • Played on: Oct. 14, 2021, 3:02 p.m.
  • Length: 8:57

All games in this series

Show
View Real Time Build Order
Export as new Build Order

HeroMarine Terran - Winner!

Build Orders: Reaper Expand 

Get SALT Encoding   

  12  0:00  SCV  
  13  0:12  SCV  
  14  0:16  Supply Depot  
  14  0:24  SCV  
  15  0:38  SCV  
  15  0:39  Barracks  
  16  0:43  Refinery  
  16  0:50  SCV  
  17  1:02  SCV  
  18  1:14  SCV  
  19  1:26  Reaper, Orbital Command  
  20  1:40  Command Center  
  20  1:52  Supply Depot, SCV  
  21  1:58  Marine  
  22  2:04  SCV  
  23  2:09  Factory  
  23  2:16  SCV  
  23  2:19  Bunker  
  23  2:21  Barracks Reactor  
  24  2:26  Refinery  
  24  2:29  SCV  
  25  2:41  SCV  
  26  2:53  SCV  
  26  2:55  Hellion  
  26  2:57  Starport  
  29  3:00  Marine x2  
  29  3:03  Orbital Command  
  32  3:05  SCV  
  32  3:17  SCV  
  32  3:18  Marine x2  
  37  3:25  Factory Tech Lab  
  35  3:29  Supply Depot, SCV  
  35  3:30  SCV  
  36  3:35  Viking, Marine  
  36  3:36  Marine  
  40  3:41  SCV  
  40  3:42  SCV  
  40  3:45  Cyclone  
  45  3:53  SCV, Marine x2  
  45  3:54  SCV  
  49  3:56  Supply Depot  
  49  4:05  SCV  
  49  4:06  SCV  
  51  4:14  Viking  
  53  4:17  SCV  
  53  4:18  SCV, Siege Tank  
  53  4:23  Supply Depot  
  56  4:30  SCV x2  
  58  4:33  Command Center  
  58  4:39  Supply Depot  
  58  4:40  Marine  
  58  4:41  Marine  
  58  4:42  SCV x2  
  62  4:48  Refinery  
  62  4:52  Barracks  
  62  4:54  SCV x2  
  62  4:55  Siege Tank  
  67  5:04  Barracks  
  67  5:06  SCV x2, Engineering Bay, Marine  
  70  5:09  Marine  
  71  5:18  SCV  
  71  5:19  SCV  
  73  5:22  Refinery, Starport Tech Lab  
  73  5:24  Marine  
  73  5:26  Marine  
  73  5:27  Supply Depot  
  75  5:30  SCV  
  75  5:31  SCV  
  75  5:33  Terran Infantry Weapons Level 1  
  75  5:35  Missile Turret  
  77  5:41  Missile Turret  
  77  5:42  SCV  
  78  5:44  Siege Tank, Marine  
  78  5:47  Orbital Command  
  82  5:51  SCV  
  82  5:52  Missile Turret  
  82  5:54  SCV  
  84  5:57  Barracks Tech Lab  
  84  5:58  Stimpack, Marine x2  
  84  6:02  Marine  
  87  6:05  SCV  
  87  6:06  SCV  
  89  6:12  Orbital Command  
  89  6:14  Barracks  
  89  6:15  Combat Shield, Starport Reactor  
  89  6:16  Marine x2, Barracks  
  91  6:20  Siege Tank, Marine  
  91  6:21  SCV  
  91  6:22  SCV  
  97  6:26  Marine  
  98  6:33  SCV  
  98  6:34  Supply Depot x2, SCV  
  98  6:38  SCV  
  101  6:41  Missile Turret  
  101  6:51  Supply Depot  
  101  6:53  Supply Depot  
  101  6:55  Supply Depot, SCV  
  101  6:56  Marauder x2, SCV x2, Marine x2  
  101  6:58  Medivac x2  
  101  7:01  Siege Tank  
  116  7:07  SCV  
  117  7:11  Barracks Reactor, Barracks Tech Lab  
  117  7:15  SCV x2, Bunker  
  119  7:16  Supply Depot  
  119  7:19  SCV  
  120  7:26  Refinery, Marine x2  
  120  7:27  SCV, Refinery, Medivac  
  120  7:28  Medivac, SCV  
  128  7:30  Marauder  
  128  7:33  Marauder  
  130  7:39  Supply Depot  
  130  7:42  SCV x3  
  130  7:44  Starport  
  133  7:46  Marine x3  
  133  7:47  Marine  
  137  7:51  Marauder  
  137  7:53  Factory Reactor  
  137  7:54  Marauder  
  137  7:55  Concussive Shells  
  137  7:57  Viking  
  137  7:58  Viking  
  145  8:05  Marauder  
  127  8:07  Marine x2  
  127  8:11  Marine x2  
  116  8:13  Marauder  
  116  8:14  SCV x2  
  116  8:15  SCV  
  116  8:16  Marauder  
  107  8:25  Marine x2  
  107  8:26  Marauder, SCV x2  
  107  8:27  Viking  
  107  8:28  Marine  
Show
View Real Time Build Order
Export as new Build Order

SKillous Protoss 

Build Orders: 1 Gate Expand, Phoenix Opening, Zealot Archon, Colossus Rush 

Get SALT Encoding   

  12  0:00  Probe  
  13  0:12  Probe  
  14  0:18  Pylon  
  14  0:24  Probe (Chrono Boost)  
  15  0:36  Gateway, Probe (Chrono Boost)  
  16  0:45  Probe (Chrono Boost)  
  16  0:47  Assimilator  
  17  0:51  Probe  
  18  1:03  Probe  
  19  1:15  Probe  
  20  1:23  Cybernetics Core  
  20  1:32  Nexus  
  20  1:39  Pylon  
  20  1:43  Probe  
  21  1:50  Assimilator  
  21  1:55  Probe  
  21  1:57  Adept (Chrono Boost)  
  24  2:07  Probe (Chrono Boost)  
  25  2:19  Adept, Probe (Chrono Boost)  
  28  2:25  Probe (Chrono Boost), Stargate  
  29  2:35  Probe (Chrono Boost), Warp Gate  
  30  2:44  Probe (Chrono Boost)  
  30  2:49  Adept  
  34  2:52  Probe (Chrono Boost)  
  34  2:53  Probe (Chrono Boost)  
  35  2:58  Probe (Chrono Boost)  
  35  2:59  Probe  
  37  3:08  Phoenix (Chrono Boost)  
  37  3:11  Probe  
  37  3:12  Probe  
  41  3:16  Pylon  
  41  3:23  Probe  
  41  3:24  Probe  
  41  3:26  Phoenix  
  42  3:31  Assimilator  
  42  3:33  Assimilator  
  44  3:35  Probe  
  44  3:36  Probe  
  44  3:38  Robotics Facility  
  46  3:48  Probe (Chrono Boost)  
  48  3:49  Shield Battery  
  48  3:51  Probe (Chrono Boost)  
  48  3:54  Phoenix, Pylon  
  50  3:59  Probe (Chrono Boost)  
  52  4:03  Probe (Chrono Boost)  
  52  4:05  Probe (Chrono Boost)  
  53  4:13  Probe  
  53  4:16  Probe  
  55  4:19  Phoenix  
  57  4:26  Observer (Chrono Boost)  
  57  4:29  Robotics Bay, Pylon  
  57  4:30  Gateway  
  58  4:35  Probe  
  58  4:36  Probe  
  60  4:44  Immortal (Chrono Boost)  
  60  4:49  Phoenix  
  66  4:59  Nexus  
  66  5:00  Pylon  
  68  5:14  Pylon  
  68  5:16  Colossus (Chrono Boost)  
  74  5:32  Extended Thermal Lance, Gateway x2  
  74  5:33  Probe  
  76  5:35  Probe  
  76  5:41  Twilight Council  
  74  5:50  Phoenix  
  74  5:54  Gateway x2  
  78  5:59  Colossus (Chrono Boost)  
  78  6:01  Probe  
  78  6:03  Probe  
  84  6:05  Sentry  
  84  6:11  Charge (Chrono Boost)  
  86  6:12  Gateway  
  86  6:13  Gateway  
  86  6:29  Probe x3  
  88  6:33  Phoenix  
  88  6:37  Warp Prism (Chrono Boost)  
  94  6:48  Zealot x3, Templar Archives  
  94  6:51  Zealot  
  100  6:59  Pylon  
  100  7:01  Pylon  
  100  7:14  Pylon  
  100  7:18  Zealot x3  
  100  7:19  Zealot x5  
  100  7:22  Pylon x2  
  116  7:40  High Templar x4  
  116  7:41  Zealot x4  
  116  7:43  Pylon x2  
  132  7:44  Archon x2  
  132  7:52  Pylon  
  96  8:09  Zealot x4  
  96  8:10  Warp Prism  

Tags
 
Add a new tag
Caveats
  • Supply blocks, unpowered buildings, or Contaminate may cause inaccurate times.
  • Supply counts are checked every 10 seconds.